 Dungeon Crawl Stone Soup version 0.23.2-33-g5129a83184 (webtiles) character file.

Game seed: 13359103743139527581

44 FishyPogo the Poker (level 3, -7/28 HPs)
             Began as a Merfolk Skald on Aug 5, 2019.
             Killed by nerve-wracking pain
             ... invoked by an orc priest
              (9 damage)
             ... on level 3 of the Dungeon.
             The game lasted 00:12:15 (2179 turns).

FishyPogo the Poker (Merfolk Skald)                 Turns: 2179, Time: 00:12:16

Health: -7/28      AC:  3    Str: 12    XL:     3   Next: 60%
Magic:  1/6        EV: 13    Int: 12    God:
Gold:   115        SH:  0    Dex: 13    Spells: 5/6 levels left

rFire    + . .     SeeInvis .   a - +0 spear
rCold    x . .     Gourm    .   (no shield)
rNeg     . . .     Faith    .   b - +0 leather armour
rPois    .         Spirit   .   (no helmet)
rElec    .         Reflect  .   (no cloak)
rCorr    .         Harm     .   (no gloves)
MR       .....                  (no boots)
Stlth    +.........             (no amulet)
HPRegen  0.09/turn              q - ring of fire
MPRegen  0.10/turn              (no ring)

@: infused (expiring)
A: change form in water, swift swim, stealthy swim
a: no special abilities


You were on level 3 of the Dungeon.
You were not hungry.

You visited 1 branch of the dungeon, and saw 3 of its levels.

You collected 115 gold pieces.

Inventory:

Hand Weapons
 a - a +0 spear (weapon)
Missiles
 j - 36 stones (quivered)
Armour
 b - a +0 leather armour (worn)
 g - a +0 buckler
Jewellery
 q - a ring of fire (left hand)
Scrolls
 c - 2 scrolls of teleportation {unknown}
 f - 3 scrolls of identify {unknown}
 h - 3 scrolls of remove curse {unknown}
 k - a scroll of magic mapping {unknown}
 m - a scroll of fear {unknown}
 o - a scroll of random uselessness {unknown}
 s - a scroll of immolation {unknown}
Potions
 e - a potion of flight {unknown}
 i - 4 potions of curing {unknown}
 l - a potion of lignification {unknown}
 p - a potion of invisibility {unknown}
 r - a potion of brilliance {unknown}
Comestibles
 d - 6 rations


   Skills:
 + Level 2.5 Fighting
 * Level 3.7 Polearms
 - Level 1.0 Armour
 * Level 3.3 Dodging
 - Level 0.4 Shields
 + Level 2.1 Spellcasting
 + Level 3.6 Charms


You had 5 spell levels left.
You knew the following spells:

 Your Spells              Type           Power        Failure   Level  Hunger
a - Infusion              Chrm           ##..         8%          1    ##.....

Your spell library contained the following spells:

 Spells                   Type           Power        Failure   Level  Hunger
 Song of Slaying          Chrm           ##......     12%         2    ###....
 Shroud of Golubria       Chrm/Tloc      #.........   24%         2    ###....
 Regeneration             Chrm/Necr      #.........   43%         3    ####...
 Spectral Weapon          Hex/Chrm       #.......     43%         3    ####...


Dungeon Overview and Level Annotations

Branches:
Dungeon (3/15)

Altars:
Fedhas


Message History

The orc priest barely misses you.
You hit the orc priest but do no damage.
The orc priest is severely wounded.
The orc priest closely misses you.
You hit the orc priest.
The orc priest is almost dead.
You barely miss the orc priest.
The orc priest is almost dead.
The orc priest barely misses you.
Your leather armour prevents you from hitting the orc priest.
The orc priest is almost dead.
The orc priest mumbles some strange prayers to Beogh against you.
Beogh smites you!
* * * LOW HITPOINT WARNING * * *
You closely miss the orc priest.
The orc priest is almost dead.
Your magical infusion is running out.
The orc priest mumbles some strange prayers to Beogh against you.
Pain shoots through your body!
You die...

..# ...# . . ..# ####.#
#≈ .♣..# .#..... ##.#
#...# #.#.##.# .....
#...######.#.##..
#.#.####................
#................#####.#
#................# #.#
##.....@o........### #.#
##.####....#......# #.#
.. #†........#.###.. #
#...##>##........
###...##<####......
#......#.####..####
#.#....#.<.....# #
#[##.#.#######.# #
###.##...# #.####


You could see an orc priest.

Vanquished Creatures
  2 worms (D:2)
  2 leopard geckos (D:2)
  4 orcs (D:3)
  A giant cockroach (D:2)
  3 goblins
  5 hobgoblins
  2 jackals (D:3)
  A quokka (D:2)
  A frilled lizard (D:2)
  4 kobolds
  4 rats
29 creatures vanquished.

Vanquished Creatures (others)
  A ball python (D:1)
  A frilled lizard (D:3)
2 creatures vanquished.

Grand Total: 31 creatures vanquished

Notes
Turn   | Place    | Note
-------+----------+-------------------------------------------
     0 | D:1      | FishyPogo the Merfolk Skald began the quest for the Orb.
     0 | D:1      | Reached XP level 1. HP: 16/16 MP: 3/3
  1140 | D:2      | Reached XP level 2. HP: 16/22 MP: 1/5
  1332 | D:2      | Reached skill level 1 in Armour
  1466 | D:2      | Found a blossoming altar of Fedhas.
  1736 | D:2      | Reached XP level 3. HP: 28/28 MP: 6/6
  2179 | D:3      | Killed from afar by an orc priest

Skill      XL: |  1  2  3 |
---------------+----------+-----
Armour         | 1 |  1.0
Dodging        | 3 |  3.3
Fighting       | |  2.5
Polearms       | |  3.7
Shields        | |  0.4
Spellcasting   | |  2.1
Charms         | |  3.6

Action                   || total
-------------------------++-------
Melee: Spear             ||   130
Throw: Stone             ||     3
 Cast: Infusion          ||     9
 Stab: Sleeping          ||     1
  Eat: Chunk             ||     4
Armor: Leather armour    ||    13
Dodge: Dodged            ||    49
